 Dungeon Crawl Stone Soup version 0.31-a0-472-g43a2ca8e1b (webtiles) character file.

Game seed: 14372541234937684221

120 Ethylacetat the Changeling (level 5, -2/35 HPs)
             Began as an Octopode Shapeshifter on Aug 6, 2023.
             Slain by a gnoll
             ... wielding a +0 whip
              (7 damage)
             ... on level 3 of the Dungeon.
             The game lasted 00:01:23 (1635 turns).

Ethylacetat the Changeling (Octopode Shapeshifter)  Turns: 1635, Time: 00:01:24

Health: -2/35      AC:  1    Str: 15    XL:     5   Next: 4%
Magic:  5/5        EV: 13    Int: 10    God:
Gold:   65         SH:  0    Dex: 14    Spells: 4/4 levels left

rFire   . .          .
                       - Unarmed
rCold   . . .        (no shield)
rNeg    . . .        (helmet currently unavailable)
rPois   .            (no amulet)
rElec   .            (no ring)
rCorr   .            (no ring)
SInv    .            (no ring)
Will    .....        (no ring)
Stlth   ++           (no ring)
HPRegen 0.25/turn    (no ring)
MPRegen 0.09/turn    (no ring)
                     (no ring)

%: no passive effects
@: beast-form
A: beast (slay +2), almost no armour, amphibious, 8 rings, camouflage 1,
gelatinous body 1, (nimble swimmer 1), tentacles
a: Begin Untransformation


You were on level 3 of the Dungeon.
You were a hulking beast.
You visited 1 branch of the dungeon, and saw 3 of its levels.

You collected 65 gold pieces.

Inventory:

Missiles
 f - a throwing net
Armour
 m - a +1 kite shield of poison resistance
Jewellery
 h - a ring of flight
Talismans
 b - a beast talisman (active)
Wands
 l - a wand of flame (15)
Scrolls
 d - a scroll of blinking {unknown}
 e - 4 scrolls of identify {unknown}
 i - 2 scrolls of teleportation {unknown}
 j - a scroll of amnesia {unknown}
 k - 3 scrolls of revelation {unknown}
Potions
 a - a potion of lignification
 c - a potion of attraction {unknown}
 g - a potion of enlightenment {unknown}


   Skills:
 + Level 2.3 Fighting
 - Level 2.0 Dodging
 + Level 3.7 Unarmed Combat
 * Level 4.1 Shapeshifting


You had 4 spell levels left.
You didn't know any spells.
Your spell library contained the following spells:

 Spells                   Type           Power      Damage    Failure   Level
 Lesser Beckoning         Tloc           0%         N/A       50%         2
 Iskenderun's Mystic Bla  Conj/Tloc      0%         2d3       98%         4
 Polar Vortex             Ice            0%         N/A       100%        9


Dungeon Overview and Level Annotations

Branches:
Dungeon (3/15)

Altars:

Annotations:
D:2 1 runed translucent door, Crazy Yiuf


Innate Abilities, Weirdness & Mutations

You are a hulking beast.
Your limbs bulge with bestial killing power. (Slay +2)
You cannot wear most types of armour.
You are amphibious.
You can wear up to eight rings at the same time.
Your skin changes colour to match your surroundings (Stealth+).
Your rubbery body absorbs attacks. (AC +1, EV +1)
((You are camouflaged when in or above water. (Stealth+)))
You have tentacles for arms and can constrict up to eight enemies at once.


Message History

You tentacle-slap the gnoll. You squeeze the gnoll.
You kill the gnoll!
The gnoll hits you with a +0 whip.
You are too injured to fight recklessly!
You are too injured to fight recklessly!
The orc closely misses you. The gnoll attacks as you move away!
The gnoll barely misses you.
You are too injured to fight recklessly!
You are too injured to fight recklessly!
You are too injured to fight recklessly!
You are too injured to fight recklessly!
You bludgeon the orc!
You kill the orc!
You have reached level 5!
You feel stronger.
You swing at nothing.
You tentacle-slap the orc but do no damage.
Your grab misses the orc. The orc closely misses you.
You closely miss the orc. You grab the orc. You constrict the orc.
The orc hits you with a +0 flail.
* * * LOW HITPOINT WARNING * * *
The orc closely misses you.
You tentacle-slap the orc.
The orc is almost dead.
You constrict the orc.
You kill the orc!
The orc barely misses you.
An orc priest comes into view. It is wielding a +0 dagger.
You barely miss the orc. You grab the orc. You constrict the orc.
The orc completely misses you. x2
You bludgeon the orc!
You kill the orc!
The orc completely misses you.
You tentacle-slap the gnoll. You grab the gnoll.
The gnoll is moderately wounded.
You constrict the gnoll, but do no damage.
The orc hits you from afar with a +0 trident.
* * * LOW HITPOINT WARNING * * *
The gnoll hits you with a +0 whip!
You die...

## .. > .# ####.#.#
####### #......#
.......##o)##..##
#.hg.)o.....
####..##..## #.$......#
#.#####..# #.# #.##
#######.# #..#
........#####..# ####
##...##.#...#..# ##...
#.###.#........#####.###


You could see an orc priest, a gnoll and an orc.

Vanquished Creatures
  Jessica (D:2)
  3 gnolls (D:3)
  An adder (D:2)
  A worm (D:2)
  3 dart slugs
  3 orcs (D:3)
  2 endoplasms
  2 giant cockroaches
  5 goblins
  5 hobgoblins
  2 kobolds
  2 quokkas
  4 ball pythons
  4 bats
  A frilled lizard (D:2)
  6 rats
45 creatures vanquished.

Notes
Turn   | Place    | Note
-------+----------+-------------------------------------------
     0 | D:1      | Ethylacetat the Octopode Shapeshifter began the quest for
                  | the Orb.
     0 | D:1      | Reached XP level 1. HP: 13/13 MP: 1/1
   102 | D:1      | Reached XP level 2. HP: 11/18 MP: 2/2
   462 | D:1      | Reached XP level 3. HP: 23/23 MP: 3/3
   589 | D:2      | Got the Volume of Displaced Firn
   722 | D:2      | Noticed Jessica
   729 | D:2      | Killed Jessica
   730 | D:2      | Reached XP level 4. HP: 22/29 MP: 4/4
   876 | D:2      | Found a runed translucent door.
   877 | D:2      | Noticed Crazy Yiuf
  1454 | D:2      | Found a faded altar of an unknown god.
  1623 | D:3      | Reached skill level 4 in Shapeshifting
  1629 | D:3      | Reached XP level 5. HP: 15/34 MP: 5/5
  1635 | D:3      | Slain by a gnoll

Illustrated notes

Levels and vault maps discovered:
D:1:      dpeg_arrival_short_road, layout_rooms
D:2:      layout_loops_corners, shapermc_ecumenical_altar_mp_vishouse,
          grunt_decor_arrowhead, uniq_crazy_yiuf_cottage, uniq_jessica
D:3:      layout_loops_ring, jmf_multi_god_temple2, serial_shops, shop

Skill      XL: |  1  2  3  4 |
---------------+-------------+-----
Fighting       | 2 |  2.3
Shapeshifting  | 4 |  4.1
Dodging        | |  2.0
Unarmed Combat | |  3.7

Action                     |  1- 3 |  4- 6 || total
---------------------------+-------+-------++-------
  Melee: Unarmed           |    44 |    33 ||    77
         Constrict         |    13 |    11 ||    24
         Tentacles         |    11 |     7 ||    18
         Punch             |     1 |     1 ||     2
   Stab: Sleeping          |     5 |     4 ||     9
 Armour: Skin              |     1 |     2 ||     3
  Dodge: Dodged            |    16 |    26 ||    42

Table legend: (Time is in decaauts)
 A = Elapsed time spent in this place.
 B = Non-inter-level travel time spent in this place.
 C = Inter-level travel time spent in this place.
 D = Time resting spent in this place.
 E = Time spent auto-exploring this place.
 F = Levels seen in this place.
 G = Mean time per level.
                   A        B        C        D        E       F      G
               +--------+--------+--------+--------+--------+-----+--------+
         Total |   1635 |   1614 |     21 |      0 |   1367 |   3 |  545.0 |
       Dungeon |   1635 |   1614 |     21 |      0 |   1367 |   3 |  545.0 |
               +--------+--------+--------+--------+--------+-----+--------+

Top non-repeatable levels by time:
     D:2: 1004 daAuts
     D:1: 529 daAuts
     D:3: 102 daAuts
